[Event "*** Titled Tuesday Blitz"]
[Site "Chess.com"]
[Date "2020.05.26"]
[Round "10"]
[White "tigra"]
[Black "mbachez"]
[Result "0-1"]
[WhiteElo "2728"]
[BlackElo "2547"]
[TimeControl "180+1"]
[EndTime "11:58:18 PDT"]
[Termination "mbachez won by resignation"]

1. Nc3 d5 2. e4 e6 3. d4 Bb4 4. a3 Bxc3+ 5. bxc3 dxe4 6. Qg4 Nf6 7.
Qxg7 Rg8 8. Qh6 Nbd7 9. Bg5 Rg6 10. Qh4 c5 11. Ne2 Qa5 12. Bd2 b6 13. h3 Ba6 14. Rc1 O-O-O 15. Nf4 Bxf1 16. Nxg6 Bxg2 17. Ne7+ Kb7 18. Rg1 Bf3 19. Rg3 Qb5 0-1

[Event "*** Titled Tuesday Blitz"]
[Site "Chess.com"]
[Date "2020.05.26"]
[Round "10"]
[White "SHIVACalypso"]
[Black "mamey78"]
[Result "1-0"]
[WhiteElo "2301"]
[BlackElo "2381"]
[TimeControl "180+1"]
[EndTime "11:58:20 PDT"]
[Termination "SHIVACalypso won by resignation"]

1. Nf3 d5 2. c4 c6 3. d4 Nf6 4.
Nc3 e6 5. g3 dxc4 6. Bg2 b5 7.
Ne5 Nd5 8. e4 Nxc3 9. bxc3 Bb7 10. Qh5 g6 11. Nxg6 fxg6 12. Qe5 Qe7 13. Qxh8 Nd7 14.
h4 1-0

[Event "*** Titled Tuesday Blitz"]
[Site "Chess.com"]
[Date "2020.05.26"]
[Round "10"]
[White "WeAintSurePal"]
[Black "Zq1"]
[Result "0-1"]
[WhiteElo "2348"]
[BlackElo "2516"]
[TimeControl "180+1"]
[EndTime "11:58:22 PDT"]
[Termination "Zq1 won by resignation"]

1. d4 Nf6 2. Nf3 e6 3. Bg5 c5 4. e3 cxd4 5. exd4 b6 6. Bd3 Bb7 7. O-O Be7 8. c3 O-O 9. Nbd2 d6 10. Qe2 a6 11. Rfe1 Nbd7 12. h3 Re8 13. Ne4 Bxe4 14. Bxe4 Nxe4 15. Bxe7 Nxc3 16. Bxd8 Nxe2+ 17. Rxe2 Rexd8 18. Rc1 Rdc8 19. Rec2 Rxc2 20. Rxc2 Kf8 21. Rc7 Ke7 22. Ng5 f6 23. Ne4 d5 24. Nc3 Kd6 0-1

[Event "*** Titled Tuesday Blitz"]
[Site "Chess.com"]
[Date "2020.05.26"]
[Round "10"]
[White "GM4life"]
[Black "JuliaEfremova"]
[Result "1-0"]
[WhiteElo "2374"]
[BlackElo "2230"]
[TimeControl "180+1"]
[EndTime "11:58:25 PDT"]
[Termination "GM4life won by resignation"]

1. e4 d5 2. exd5 Qxd5 3. Nc3 Qa5 4. b4 Qxb4 5. Rb1 Qd6 6. Nf3 Qd8 7. d4 Nf6 8. Bc4 e6 9. O-O Be7 10. Re1 c6 11.
Bf4 O-O 12. Ne5 b5 13. Bd3 a5 14. Ne4 b4 15. Nxf6+ Bxf6 16. Re3 g6 17. Bh6 Re8 18. Qf3 Qxd4 19. Qxf6 1-0

[Event "*** Titled Tuesday Blitz"]
[Site "Chess.com"]
[Date "2020.05.26"]
[Round "10"]
[White "CarlosAlbornoz"]
[Black "wnstop"]
[Result "1/2-1/2"]
[WhiteElo "2722"]
[BlackElo "2590"]
[TimeControl "180+1"]
[EndTime "11:58:43 PDT"]
[Termination "Game drawn by agreement"]

1. e4 c5 2. Nf3 Nc6 3. d4 cxd4 4. Nxd4 e5 5. Nb5 d6 6. N1c3 a6 7. Na3 Be7 8. Nd5 Nf6 9. Nxf6+ Bxf6 10. Nc4 O-O 11.
Qxd6 Qxd6 12. Nxd6 Nb4 13. Bd3 Rd8 14. Nxc8 Raxc8 15. O-O Nxc2 16. Bxc2 Rxc2 17. b3 Rd4 18. Be3 Rxe4 19.
Rac1 Rxc1 20. Rxc1 h5 21. Rc8+ Kh7 22. Rc7 Bg5 23.
Rxf7 Bxe3 24. fxe3 Rxe3 25. Rxb7 Re2 26. a4 Rb2 27. Rb6 g6 28. Rxa6 Rxb3 29. Re6 Ra3 30. Rxe5 Rxa4 1/2-1/2

[Event "*** Titled Tuesday Blitz"]
[Site "Chess.com"]
[Date "2020.05.26"]
[Round "10"]
[White "Kavyev_Ruslan"]
[Black "Azeryahu"]
[Result "0-1"]
[WhiteElo "2491"]
[BlackElo "2747"]
[TimeControl "180+1"]
[EndTime "11:58:45 PDT"]
[Termination "Azeryahu won by resignation"]

1. d4 d6 2. e4 g6 3. Nc3 Bg7 4. Be3 a6 5. Qd2 Nd7 6. O-O-O b5 7. Kb1 Bb7 8. f3 e6 9. g4 h5 10. g5 Ne7 11. h4 Nb6 12. Nh3 b4 13. Ne2 Nc4 14.
Qc1 Nxe3 15. Qxe3 a5 16. Bg2 O-O 17. Nc1 Qc8 18. f4 c5 19. dxc5 dxc5 20. Rhg1 Bd4 21. Rxd4 cxd4 22. Qxd4 Nc6 23. Qf6 Qd8 24. e5 Rb8 25.
Nd3 Ne7 26. Bf1 Rc8 27. Be2 Qc7 28. Bxh5 Nd5 29. Bxg6 Nxf6 30. gxf6 Qxc2+ 31. Ka1 fxg6 32. Rxg6+ Kh7 33. Rg7+ Kh6 0-1

[Event "*** Titled Tuesday Blitz"]
[Site "Chess.com"]
[Date "2020.05.26"]
[Round "10"]
[White "Charlottemillard17"]
[Black "m-garcett"]
[Result "0-1"]
[WhiteElo "1448"]
[BlackElo "1978"]
[TimeControl "180+1"]
[EndTime "11:58:49 PDT"]
[Termination "m-garcett won by checkmate"]

1. e4 c5 2. Nf3 d6 3. d4 cxd4 4. Nxd4 Nf6 5. Nc3 a6 6. f4 e6 7. Be2 Nbd7 8. g4 Nc5 9. Bf3 h5 10. g5 Ng4 11. h4 e5 12. Nb3 Nxb3 13. axb3 Qb6 14. f5 Qf2# 0-1

[Event "*** Titled Tuesday Blitz"]
[Site "Chess.com"]
[Date "2020.05.26"]
[Round "10"]
[White "Matveev_Vladimir"]
[Black "binbin239"]
[Result "1-0"]
[WhiteElo "2561"]
[BlackElo "2395"]
[TimeControl "180+1"]
[EndTime "11:58:50 PDT"]
[Termination "Matveev_Vladimir won by resignation"]

1. d4 Nf6 2. c4 g6 3. Nc3 d5 4. cxd5 Nxd5 5. e4 Nxc3 6. bxc3 Bg7 7. Bg5 c5 8. Rc1 O-O 9. Nf3 cxd4 10. cxd4 Bg4 11. d5 Nd7 12. Be2 Nf6 13. Qa4 b5 14. Bxb5 Nxe4 15. Qxe4 Bxf3 16. Qxf3 Qa5+ 17. Bd2 Qxb5 18. Qb3 Qa6 19. Rc6 1-0

[Event "*** Titled Tuesday Blitz"]
[Site "Chess.com"]
[Date "2020.05.26"]
[Round "10"]
[White "levallem"]
[Black "S_Kalvaitis"]
[Result "0-1"]
[WhiteElo "2170"]
[BlackElo "2321"]
[TimeControl "180+1"]
[EndTime "11:58:53 PDT"]
[Termination "S_Kalvaitis won by resignation"]

1. d4 d5 2. c4 e5 3. cxd5 Qxd5 4. dxe5 Qxd1+ 5. Kxd1 Nc6 6. Nf3 Bc5 7. e3 Nge7 8. Nc3 Bg4 9. Be2 O-O-O+ 10. Bd2 Ng6 11. a3 Ncxe5 12. Nxe5 Nxe5 13. Bxg4+ Nxg4 14. Ne4 Nxf2+ 15. Nxf2 Bxe3 16. Ne4 Rhe8 17. Ke2 Bxd2 18. Kf3 Rd3+ 0-1

[Event "*** Titled Tuesday Blitz"]
[Site "Chess.com"]
[Date "2020.05.26"]
[Round "10"]
[White "ChessicallyInclined"]
[Black "bakki78"]
[Result "0-1"]
[WhiteElo "2523"]
[BlackElo "2745"]
[TimeControl "180+1"]
[EndTime "11:58:56 PDT"]
[Termination "bakki78 won by resignation"]

1. d4 Nf6 2. c4 g6 3. Nc3 Bg7 4. e4 d6 5. f3 a6 6. Be3 c6 7. c5 b5 8. cxb6 Qxb6 9. Qd2 O-O 10. Nge2 a5 11. Nf4 Ba6 12. Bxa6 Nxa6 13. O-O Nd7 14. Rfc1 Nc7 15. b3 Qb7 16. Na4 Nb5 17. Qd3 Rfc8 18.
Ne2 c5 19. Rab1 Na3 20. Rb2 cxd4 21. Rxc8+ Rxc8 22. Nxd4 Nc5 23. Nxc5 dxc5 0-1

[Event "*** Titled Tuesday Blitz"]
[Site "Chess.com"]
[Date "2020.05.26"]
[Round "10"]
[White "Tsyhanchuk_Stanislav"]
[Black "stoleriu"]
[Result "1-0"]
[WhiteElo "2456"]
[BlackElo "2548"]
[TimeControl "180+1"]
[EndTime "11:59:07 PDT"]
[Termination "Tsyhanchuk_Stanislav won by resignation"]

1. e4 e6 2. d4 d5 3. Nc3 Bb4 4. e5 c5 5. Bd2 Ne7 6. Nb5 Bxd2+ 7. Qxd2 O-O 8. f4 Nbc6 9. Nf3 a6 10. Nd6 Qb6 11.
O-O-O cxd4 12. Bd3 Bd7 13. Kb1 Nc8 14. Bxh7+ Kxh7 15. Ng5+ Kg8 16. Qd3 g6 17. Qh3 1-0

[Event "*** Titled Tuesday Blitz"]
[Site "Chess.com"]
[Date "2020.05.26"]
[Round "10"]
[White "AlexTriapishko"]
[Black "Sergey85Rodchenkov"]
[Result "1-0"]
[WhiteElo "2722"]
[BlackElo "2521"]
[TimeControl "180+1"]
[EndTime "11:59:15 PDT"]
[Termination "AlexTriapishko won by resignation"]

1. d4 d5 2. Nf3 Nf6 3. c4 dxc4 4. e3 e6 5. Bxc4 c5 6. O-O a6 7. Nc3 b5 8. Be2 Bb7 9. dxc5 Qxd1 10. Rxd1 Bxc5 11.
Nd2 Nbd7 12. Nb3 Bb6 13. a4 b4 14. a5 bxc3 15. axb6 Nxb6 16. bxc3 O-O 17. Na5 Bd5 18. c4 Be4 19. f3 Bg6 20. e4 Rfc8 21. Be3 Nfd7 22.
Rd6 1-0

[Event "*** Titled Tuesday Blitz"]
[Site "Chess.com"]
[Date "2020.05.26"]
[Round "10"]
[White "Aleksandar-Topalov"]
[Black "MomchilPetkov"]
[Result "0-1"]
[WhiteElo "2388"]
[BlackElo "2550"]
[TimeControl "180+1"]
[EndTime "11:59:17 PDT"]
[Termination "MomchilPetkov won by resignation"]

1. b3 d5 2. Bb2 c6 3. Nf3 Nf6 4. g3 Bf5 5. Bg2 e6 6. O-O Be7 7. d3 h6 8. Nbd2 O-O 9. e3 a5 10. a3 Nbd7 11. Qe2 Bh7 12. e4 b5 13. Kh1 Rc8 14. Ng1 a4 15. f4 axb3 16. cxb3 dxe4 17.
dxe4 Nc5 18. b4 Na4 19. Bxf6 Bxf6 20. e5 Be7 21. Ne4 c5 22. Rfd1 Qb6 23. Nd6 Rcd8 24. Nxb5 Rxd1 25. Rxd1 cxb4 26. axb4 Bxb4 27. Nd6 Nc3 28.
Qe1 Nxd1 29. Qxd1 Bxd6 30. exd6 Rd8 31. d7 Qc7 0-1

[Event "*** Titled Tuesday Blitz"]
[Site "Chess.com"]
[Date "2020.05.26"]
[Round "10"]
[White "ElliPaehtz"]
[Black "Chessdemon2019"]
[Result "1-0"]
[WhiteElo "2485"]
[BlackElo "2317"]
[TimeControl "180+1"]
[EndTime "11:59:22 PDT"]
[Termination "ElliPaehtz won by resignation"]

1. d4 Nf6 2. Nf3 b6 3. Bg5 Bb7 4. Nbd2 e6 5. e3 Be7 6. Bd3 h6 7. Bh4 d5 8. c3 O-O 9. Bxf6 Bxf6 10. g4 c5 11. h4 e5 12. dxe5 Be7 13. Qe2 Nd7 14.
g5 h5 15. g6 f6 16. e6 Re8 17. exd7 Qxd7 18. Nh2 Bd6 19. Qxh5 d4 20. Qh7+ Kf8 21. Qh8+ Ke7 22. Qxg7+ Kd8 23. Qxd7+ Kxd7 24. Bb5+ Kc7 25. Bxe8 Bxh1 26. Bf7 Bxh2 27. g7 dxe3 28. fxe3 Bg3+ 29. Ke2 Be4 30. Nxe4 Rg8 31. Nxf6 Rxg7 32. Ne8+ Kd7 33. Nxg7 Bxh4 34. Nf5 1-0

[Event "*** Titled Tuesday Blitz"]
[Site "Chess.com"]
[Date "2020.05.26"]
[Round "10"]
[White "GHANDEEVAM2003"]
[Black "kuban1991"]
[Result "0-1"]
[WhiteElo "2906"]
[BlackElo "2730"]
[TimeControl "180+1"]
[EndTime "11:59:25 PDT"]
[Termination "kuban1991 won by resignation"]

1. g3 d5 2. Bg2 e5 3. d3 Nc6 4.
e4 dxe4 5. dxe4 Qxd1+ 6. Kxd1 f5 7. Nd2 Nf6 8. Ne2 Bc5 9. f3 fxe4 10. Nxe4 Nxe4 11.
fxe4 Bg4 12. c3 O-O-O+ 13. Ke1 Rhf8 14. Rf1 Rxf1+ 15. Bxf1 Rf8 16. b4 Bb6 17. Ba3 Rf2 18. h3 Bf3 19. Nd4 Rxf1+ 20. Kxf1 exd4 21. cxd4 Nxd4 22.
Rc1 Ne2 0-1

[Event "*** Titled Tuesday Blitz"]
[Site "Chess.com"]
[Date "2020.05.26"]
[Round "10"]
[White "tsvet2005"]
[Black "Gerodot71"]
[Result "1-0"]
[WhiteElo "2526"]
[BlackElo "2366"]
[TimeControl "180+1"]
[EndTime "11:59:25 PDT"]
[Termination "tsvet2005 won by resignation"]

1. d4 Nf6 2. c4 e6 3. Nc3 d5 4. cxd5 exd5 5. Bg5 Be7 6. e3 O-O 7. Bd3 h6 8. Bh4 c6 9. Nge2 Re8 10. O-O a5 11. f3 Nbd7 12. e4 dxe4 13. fxe4 Ng4 14.
Bxe7 Qxe7 15. Qd2 Qh4 16. Qf4 Qh5 17. e5 c5 18. h3 Ngxe5 19. dxe5 Nxe5 20. Bb5 Re7 21. Nd5 Re6 22. Nc7 Rg6 23. Ng3 Rxg3 24. Qxg3 Rb8 25. Rae1 f6 26. Rxf6 Nf7 27. Re8+ Kh7 28. Bd3+ 1-0

[Event "*** Titled Tuesday Blitz"]
[Site "Chess.com"]
[Date "2020.05.26"]
[Round "10"]
[White "Onwgs"]
[Black "mattcolins2025"]
[Result "0-1"]
[WhiteElo "2455"]
[BlackElo "2333"]
[TimeControl "180+1"]
[EndTime "11:59:25 PDT"]
[Termination "mattcolins2025 won by resignation"]

1. e4 c5 2. c3 Nf6 3. e5 Nd5 4. d4 cxd4 5. Nf3 e6 6. cxd4 d6 7. Bc4 Be7 8. O-O O-O 9. Qe2 Nc6 10. Re1 b6 11. Qe4 Bb7 12. Bd3 g6 13. a3 Qc7 14.
Qg4 Rfd8 15. Bg5 Bxg5 16. Nxg5 dxe5 17. Qh4 h5 18. Be2 Nf4 19. Nc3 Rxd4 20. Qg3 Nxe2+ 21. Nxe2 Rg4 22. Qe3 Qe7 23. Nf3 Nd4 24. Nexd4 exd4 25. Qe2 Qf6 0-1

[Event "*** Titled Tuesday Blitz"]
[Site "Chess.com"]
[Date "2020.05.26"]
[Round "10"]
[White "Nikolaj_6"]
[Black "almaguerjm"]
[Result "1-0"]
[WhiteElo "2519"]
[BlackElo "2352"]
[TimeControl "180+1"]
[EndTime "11:59:28 PDT"]
[Termination "Nikolaj_6 won by resignation"]

1. e4 e5 2. Nf3 Nc6 3. Bb5 a6 4. Ba4 Nf6 5. O-O Be7 6. Re1 b5 7. Bb3 O-O 8. c3 d5 9. exd5 Nxd5 10. Nxe5 Nxe5 11. Rxe5 c6 12. d3 Bd6 13. Re1 Bf5 14.
Qf3 Bg6 15. Bxd5 cxd5 16. Bf4 Bxf4 17. Qxf4 Bxd3 18. Nd2 Re8 19. Qd4 Bg6 20. a4 Rb8 21. axb5 Rxb5 22. b4 a5 23. Rxe8+ Qxe8 24. bxa5 Bb1 25.
Qe3 Qxe3 26. fxe3 Bd3 27. a6 Rb8 28. a7 Ra8 29. Ra5 Bc4 30. Nxc4 dxc4 31. Rb5 1-0

[Event "*** Titled Tuesday Blitz"]
[Site "Chess.com"]
[Date "2020.05.26"]
[Round "10"]
[White "LiverpooL174"]
[Black "Infernal_XaM"]
[Result "0-1"]
[WhiteElo "2677"]
[BlackElo "2839"]
[TimeControl "180+1"]
[EndTime "11:59:34 PDT"]
[Termination "Infernal_XaM won by resignation"]

1. Nf3 c6 2. b3 d5 3. Bb2 Nf6 4. e3 g6 5. c4 Bg7 6. Be2 O-O 7. O-O Bg4 8. cxd5 cxd5 9. h3 Bxf3 10. Bxf3 Nc6 11. d4 e6 12. Nc3 Qd7 13. Rc1 Rfc8 14.
Be2 Bf8 15. Na4 Bd6 16. Nc5 Qe7 17. Nd3 h5 18. f3 h4 19. Ne5 Nh5 20. Bd3 Nxe5 21.
dxe5 Bc5 22. Re1 Qg5 23. Qd2 Bb6 24. Bf1 Rxc1 25. Qxc1 Qg3 26. Qd2 Rc8 27. Rc1 Rxc1 28. Qxc1 Nf4 29. Kh1 Qf2 30. Bd4 Bxd4 31. exd4 Qxd4 0-1

[Event "*** Titled Tuesday Blitz"]
[Site "Chess.com"]
[Date "2020.05.26"]
[Round "10"]
[White "Omk124"]
[Black "EvgenyRomanov"]
[Result "0-1"]
[WhiteElo "2446"]
[BlackElo "2661"]
[TimeControl "180+1"]
[EndTime "11:59:34 PDT"]
[Termination "EvgenyRomanov won by resignation"]

1. e4 e6 2. d4 d5 3. Nd2 Nc6 4. Ngf3 Nf6 5. e5 Nd7 6. c3 f6 7.
exf6 Qxf6 8. Bd3 Bd6 9. O-O O-O 10. Re1 e5 11. dxe5 Ndxe5 12. Be2 Kh8 13. Nf1 Bg4 14. Be3 Nxf3+ 15. Bxf3 Bxf3 16. Qxf3 Qxf3 17. gxf3 Ne5 18. Rad1 Nxf3+ 19. Kg2 Nxe1+ 20. Rxe1 Rae8 21. Rd1 c6 22. Ng3 Bc7 23. a3 Bb6 24. Nf1 Bxe3 25. Nxe3 Rf4 26.
Rd2 Kg8 27. Nc2 Rfe4 28. Ne3 Kf7 29. Rd1 a5 30. Nf5 R8e6 31. Ne3 b5 32. Rd2 b4 33. axb4 axb4 34. Nf5 bxc3 35. bxc3 Rg4+ 36. Kf3 Rc4 37. Rd3 Rf6 38. Ke3 Rxf5 39. f3 Rcf4 40. Ke2 Ke6 41.
Re3+ Re5 0-1

[Event "*** Titled Tuesday Blitz"]
[Site "Chess.com"]
[Date "2020.05.26"]
[Round "10"]
[White "Xtrmntr78"]
[Black "SameerMujumdar"]
[Result "1-0"]
[WhiteElo "2436"]
[BlackElo "2313"]
[TimeControl "180+1"]
[EndTime "11:59:36 PDT"]
[Termination "Xtrmntr78 won by resignation"]

1. c4 Nf6 2. Nc3 g6 3. e4 d6 4.
d4 Bg7 5. f4 O-O 6. Nf3 c5 7.
d5 e6 8. Be2 exd5 9. cxd5 Re8 10. Qc2 Bg4 11. O-O Nbd7 12. h3 Bxf3 13. Bxf3 a6 14. a4 Rb8 15. a5 Qe7 16. Bd2 Qf8 17.
Rfe1 b5 18. axb6 Rxb6 19. Ra2 Reb8 20. Na4 Rb3 21. Bc3 Nh5 22. Bxh5 gxh5 23. e5 Bh6 24.
Qf5 Qd8 25. e6 1-0

[Event "*** Titled Tuesday Blitz"]
[Site "Chess.com"]
[Date "2020.05.26"]
[Round "10"]
[White "Igor_Lysyj"]
[Black "AnishGiri"]
[Result "0-1"]
[WhiteElo "2775"]
[BlackElo "2967"]
[TimeControl "180+1"]
[EndTime "11:59:40 PDT"]
[Termination "AnishGiri won by resignation"]

1. d4 g6 2. c4 Bg7 3. e4 d6 4.
Nc3 Nc6 5. d5 Nd4 6. Nge2 Nxe2 7. Bxe2 Nf6 8. Bg5 h6 9. Be3 O-O 10. Qd2 Kh7 11. h4 c6 12. h5 g5 13. Bxg5 hxg5 14.
h6 Bh8 15. e5 dxe5 16. Qxg5 cxd5 17. cxd5 e4 18. O-O-O Rg8 19. Qh4 Bf5 20. g4 Bxg4 21. Bxg4 Rxg4 22. Qh5 Nxh5 0-1

[Event "*** Titled Tuesday Blitz"]
[Site "Chess.com"]
[Date "2020.05.26"]
[Round "10"]
[White "tamarozi99"]
[Black "DonBroca"]
[Result "1-0"]
[WhiteElo "2014"]
[BlackElo "2185"]
[TimeControl "180+1"]
[EndTime "11:59:45 PDT"]
[Termination "tamarozi99 won by resignation"]

1. e4 c5 2. Nf3 d6 3. d4 cxd4 4. Nxd4 Nf6 5. Nc3 g6 6. Be2 Bg7 7. Be3 Nc6 8. O-O O-O 9. Nb3 Bd7 10. h3 Rc8 11. f4 Na5 12. e5 Nxb3 13. exf6 Nxa1 14.
fxg7 Kxg7 15. Qxa1 Qa5 16. Qe1 Be6 17. Qh4 Qb4 18.
Qxe7 Qxb2 19. Bd4+ Kg8 20. Qf6 1-0

[Event "*** Titled Tuesday Blitz"]
[Site "Chess.com"]
[Date "2020.05.26"]
[Round "10"]
[White "aleksandrovaleksei"]
[Black "poummba"]
[Result "1-0"]
[WhiteElo "2676"]
[BlackElo "2478"]
[TimeControl "180+1"]
[EndTime "11:59:57 PDT"]
[Termination "aleksandrovaleksei won by resignation"]

1. d4 g6 2. e4 Bg7 3. Nc3 d6 4. Be3 a6 5. h3 Nd7 6. Nge2 Ngf6 7. g4 b5 8. Bg2 Bb7 9. Ng3 Nb6 10. b3 b4 11. Nce2 O-O 12. a3 a5 13. O-O Nfd7 14. Qd2 c5 15. Bh6 Bxh6 16. Qxh6 c4 17. Nf4 e5 18.
Nfh5 1-0

[Event "*** Titled Tuesday Blitz"]
[Site "Chess.com"]
[Date "2020.05.26"]
[Round "10"]
[White "MF1966Idrisov"]
[Black "FMOlexandrProhorov"]
[Result "1-0"]
[WhiteElo "2327"]
[BlackElo "2062"]
[TimeControl "180+1"]
[EndTime "11:59:58 PDT"]
[Termination "MF1966Idrisov won by resignation"]

1. Nf3 Nf6 2. b3 g6 3. Bb2 Bg7 4. c4 O-O 5. g3 d6 6. d4 Nbd7 7. Bg2 e5 8. dxe5 Ng4 9. O-O Ngxe5 10. Nc3 Re8 11. Qd2 Nc5 12. Rfe1 Bg4 13. h3 Bxf3 14.
exf3 Ncd3 15. f4 Nxb2 16. fxe5 Nxc4 17. bxc4 Bxe5 18. Bxb7 Rb8 19. Bc6 Rf8 20. Rab1 Qf6 21. Nd5 Qg7 22. Kg2 h5 23. h4 Kh7 24. Qc2 Rxb1 25.
Rxb1 Bd4 26. Qe4 Bc5 27. Rb7 Qa1 28. Rxc7 Qxa2 29. Qf3 Kg7 30. Qf6+ Kh7 31. Rxf7+ 1-0

[Event "*** Titled Tuesday Blitz"]
[Site "Chess.com"]
[Date "2020.05.26"]
[Round "10"]
[White "Ladislav1969"]
[Black "Kostya26"]
[Result "1/2-1/2"]
[WhiteElo "2326"]
[BlackElo "2442"]
[TimeControl "180+1"]
[EndTime "12:00:03 PDT"]
[Termination "Game drawn by agreement"]

1. e4 c5 2. d4 cxd4 3. c3 dxc3 4. Nxc3 Nc6 5. Nf3 d6 6. Bc4 e6 7. O-O Be7 8. Qe2 Nf6 9. Rd1 e5 10. Be3 O-O 11. Rac1 Be6 12. a3 Rc8 13. b4 Bxc4 14. Qxc4 Nd4 15. Qd3 Nxf3+ 16. gxf3 a6 17. Nd5 Nxd5 18.
Qxd5 Rxc1 19. Rxc1 Bg5 20. Qxb7 Bxe3 21. fxe3 Qg5+ 22.
Kf2 Qh4+ 23. Kg2 Qg5+ 24. Kf2 Qh4+ 25. Kg2 Qg5+ 1/2-1/2

[Event "*** Titled Tuesday Blitz"]
[Site "Chess.com"]
[Date "2020.05.26"]
[Round "10"]
[White "Revnov"]
[Black "mishanick"]
[Result "0-1"]
[WhiteElo "2717"]
[BlackElo "2953"]
[TimeControl "180+1"]
[EndTime "12:00:04 PDT"]
[Termination "mishanick won by resignation"]

1. b3 Nf6 2. Bb2 g6 3. e3 Bg7 4. d4 O-O 5. Nf3 d5 6. Be2 c5 7. dxc5 Qa5+ 8. Nbd2 Qxc5 9. c4 Rd8 10. Rc1 Nc6 11.
a3 dxc4 12. b4 Qh5 13. Rxc4 Be6 14. Rc5 Qh6 15. O-O Ne4 16. Bxg7 Qxg7 17. Rc1 Nxd2 18. Nxd2 Qb2 19. Rc2 Qxa3 20. b5 Nb4 21. Rc7 Qb2 0-1

[Event "*** Titled Tuesday Blitz"]
[Site "Chess.com"]
[Date "2020.05.26"]
[Round "10"]
[White "northridgehawk"]
[Black "Stronger1799"]
[Result "1-0"]
[WhiteElo "2218"]
[BlackElo "2346"]
[TimeControl "180+1"]
[EndTime "12:00:07 PDT"]
[Termination "northridgehawk won by resignation"]

1. e4 c5 2. Nf3 e6 3. d4 cxd4 4. Nxd4 Nf6 5. Nc3 d6 6. g4 h6 7.
h3 Nc6 8. Be3 a6 9. Bg2 Be7 10.
Qe2 O-O 11. O-O-O Qc7 12. f4 Nd7 13. h4 Nxd4 14. Bxd4 Bf6 15. Bxf6 Nxf6 16. g5 Ne8 17. gxh6 gxh6 18. Rhg1 Qe7 19. Qh5 Kh7 20. e5 Ng7 21.
Be4+ f5 22. exf6+ 1-0

[Event "*** Titled Tuesday Blitz"]
[Site "Chess.com"]
[Date "2020.05.26"]
[Round "10"]
[White "manmanlai1"]
[Black "Shushik"]
[Result "0-1"]
[WhiteElo "2342"]
[BlackElo "2161"]
[TimeControl "180+1"]
[EndTime "12:00:13 PDT"]
[Termination "Shushik won by resignation"]

1. e4 e5 2. Nf3 Nc6 3. Bc4 Nf6 4. d3 Bc5 5. O-O d6 6. c3 Bb6 7. a4 a6 8. Nbd2 Ne7 9. d4 Ng6 10. Re1 O-O 11. h3 h6 12. Bb3 c6 13. Nf1 Qe7 14.
a5 Bc7 15. Ng3 Be6 16. Nf5 Qd7 17. Bxe6 fxe6 18. dxe5 exf5 19. exf6 Rxf6 20. e5 Re6 21.
exd6 Rxe1+ 22. Nxe1 Bxd6 23. Be3 Rd8 24. Qb3+ Kh7 25. Bb6 Re8 26. Rd1 Qe7 27. Nf3 Ne5 28. c4 Nxf3+ 29. Qxf3 Qe1+ 0-1

[Event "*** Titled Tuesday Blitz"]
[Site "Chess.com"]
[Date "2020.05.26"]
[Round "10"]
[White "QueenOfTactics90"]
[Black "WhiteCapital80"]
[Result "0-1"]
[WhiteElo "1981"]
[BlackElo "2419"]
[TimeControl "180+1"]
[EndTime "12:00:16 PDT"]
[Termination "WhiteCapital80 won by resignation"]

1. e4 e6 2. Qe2 d6 3. Nf3 e5 4. g3 Nf6 5. Bg2 Be7 6. d4 exd4 7. Nxd4 O-O 8. O-O Nbd7 9. h4 Re8 10. Nc3 c6 11.
Nf5 Bf8 12. Bf4 Nc5 13. Rad1 Bxf5 14. Qc4 Ncxe4 15. Nxe4 Bxe4 16. Bxe4 Rxe4 17. Qd3 d5 18. f3 Re8 19. Bg5 Qd6 20. Bf4 Qb4 21. b3 g6 22.
c3 Qb6+ 23. Kh2 Nh5 24. Bg5 Qc7 25.
Rg1 Re6 26. Kh3 Rae8 27. g4 Re2 28. f4 R8e3+ 0-1

[Event "*** Titled Tuesday Blitz"]
[Site "Chess.com"]
[Date "2020.05.26"]
[Round "10"]
[White "politeplayer"]
[Black "CroissantNeuf"]
[Result "0-1"]
[WhiteElo "2195"]
[BlackElo "2365"]
[TimeControl "180+1"]
[EndTime "12:00:16 PDT"]
[Termination "CroissantNeuf won by resignation"]

1. e4 c6 2. d4 d5 3. Nc3 dxe4 4. Nxe4 Nf6 5. Nxf6+ exf6 6. c3 Bd6 7. Bd3 O-O 8.
Ne2 Re8 9. Qc2 h5 10. Be3 Nd7 11. O-O-O Nf8 12. Ng3 g6 13. Bh6 Be6 14. Bxf8 Kxf8 15. Bxg6 Qa5 16. Bxh5 Bf4+ 17. Rd2 Qxa2 18. Rd1 Bb3 19.
Qb1 Qxb1+ 20. Kxb1 Bxd2 21. Rxd2 Re1+ 22. Bd1 Rxd1+ 23. Rxd1 Bxd1 0-1

[Event "*** Titled Tuesday Blitz"]
[Site "Chess.com"]
[Date "2020.05.26"]
[Round "10"]
[White "allvim"]
[Black "Tejas_Rama"]
[Result "1-0"]
[WhiteElo "2284"]
[BlackElo "2376"]
[TimeControl "180+1"]
[EndTime "12:00:19 PDT"]
[Termination "allvim won by resignation"]

1. e4 c5 2. Nf3 d6 3. d4 cxd4 4. Nxd4 Nf6 5. Nc3 a6 6. Bc4 e6 7. Bb3 b5 8. a3 Bb7 9. Qe2 Be7 10. O-O Nbd7 11. Bxe6 fxe6 12. Nxe6 Qb6 13. Nxg7+ Kf7 14.
Nf5 Nc5 15. Be3 Qc7 16. f3 Ne6 17. Rad1 Rad8 18. Qf2 Qc6 19. h3 Rhg8 20. Qh4 Nf8 21. Nxe7 Kxe7 22. Nd5+ Ke6 23. Qxf6+ Kd7 24. Qf7+ Kc8 25.
Ne7+ 1-0

[Event "*** Titled Tuesday Blitz"]
[Site "Chess.com"]
[Date "2020.05.26"]
[Round "10"]
[White "maximnovik"]
[Black "DishonorOnYourCow"]
[Result "1-0"]
[WhiteElo "2428"]
[BlackElo "2302"]
[TimeControl "180+1"]
[EndTime "12:00:23 PDT"]
[Termination "maximnovik won on time"]

1. d4 Nf6 2. Bg5 Ne4 3. Bh4 d5 4. f3 Nf6 5. Nc3 g6 6. e4 dxe4 7. fxe4 Bg7 8. Nf3 Bg4 9. Qd2 c5 10. Bb5+ Bd7 11. e5 cxd4 12. exf6 dxc3 13. Qxc3 Bxf6 14. Bxf6 exf6 15. O-O-O Nc6 16. Bxc6 bxc6 17. Rhe1+ Kf8 18. Qc5+ Kg7 19. Re7 Qb6 20. Qxb6 axb6 21.
Rdxd7 Rxa2 22. Rxf7+ Kh6 23. Rxf6 Re8 24. Rff7 Rh8 25. g4 Ra1+ 26. Kd2 Rf1 27. Ke2 Rh1 28. Kf2 1-0

[Event "*** Titled Tuesday Blitz"]
[Site "Chess.com"]
[Date "2020.05.26"]
[Round "10"]
[White "GregShahade"]
[Black "kingnb"]
[Result "0-1"]
[WhiteElo "2650"]
[BlackElo "2520"]
[TimeControl "180+1"]
[EndTime "12:00:25 PDT"]
[Termination "kingnb won by resignation"]

1. e4 d5 2. exd5 Nf6 3. Nf3 Nxd5 4. d4 Bf5 5. Bd3 Bxd3 6. Qxd3 e6 7. O-O Be7 8. Re1 O-O 9. c4 Nf6 10. Nc3 Nbd7 11. Bf4 c6 12. Rad1 Re8 13. h3 Nf8 14.
Ne5 Ng6 15. Nxg6 hxg6 16. Qf3 Qb6 17. Re2 Rad8 18. Be3 Qa6 19. b3 Qa5 20. Ne4 e5 21.
Nxf6+ Bxf6 22. Red2 exd4 23. Bxd4 Bxd4 24. Rxd4 Re1+ 25.
Kh2 Qe5+ 0-1